Map: Orbital Depot

Players

Romashka - Winner!

  • Race: Protoss Protoss
  • Spawn Location: 9:00

Igor - Winner!

  • Race: Protoss Protoss
  • League: Gold
  • Spawn Location: 9:00

MrFun - Winner!

  • Race: Zerg Zerg
  • League: Gold
  • Spawn Location: 7:00

Loken

  • Race: Protoss Protoss
  • League: Platinum
  • Spawn Location: 1:00

dallaskuken

  • Race: Protoss Protoss
  • League: Platinum
  • Spawn Location: 3:00

TimeTwist

  • Race: Terran Terran
  • Spawn Location: 3:00

VOD

Have the link to the VOD?

Description

Time

  • Played on: March 22, 2017, 2:48 a.m.
  • Length: 14:25
Show
View Real Time Build Order
Export as new Build Order

Romashka Protoss - Winner!

Build Orders:  

Get SALT Encoding   

  12  0:01  Probe (Chrono Boost)  
  13  0:12  Probe (Chrono Boost)  
  14  0:18  Pylon  
  14  0:23  Probe (Chrono Boost)  
  15  0:38  Gateway  
  15  0:40  Probe (Chrono Boost)  
  16  0:50  Assimilator, Probe (Chrono Boost)  
  17  1:01  Probe (Chrono Boost)  
  18  1:20  Probe (Chrono Boost)  
  19  1:26  Cybernetics Core  
  19  1:29  Pylon  
  19  1:30  Probe (Chrono Boost)  
  20  1:34  Assimilator  
  20  1:41  Probe (Chrono Boost)  
  21  1:48  Warp Gate  
  21  1:53  Gateway  
  21  1:59  Gateway  
  22  2:09  Probe (Chrono Boost)  
  22  2:13  Gateway  
  22  2:21  Probe (Chrono Boost)  
  23  2:25  Gateway  
  23  2:34  Pylon  
  23  2:41  Stalker  
  25  2:47  Stalker  
  27  3:13  Stalker  
  27  3:15  Stalker  
  31  3:54  Stalker  
  31  3:55  Stalker x3  
  39  4:04  Pylon  
  39  4:06  Pylon  
  39  4:28  Stalker x2  
  39  4:29  Stalker x2  
  47  4:45  Pylon  
  47  4:54  Stalker x2  
  47  4:55  Stalker  
  53  5:07  Stalker  
  55  5:34  Stalker  
  57  5:39  Stalker x3  
  63  5:49  Pylon  
  51  6:55  Stalker x2  
  51  6:56  Stalker x3  
  61  7:02  Pylon  
  61  7:04  Pylon  
  59  7:55  Twilight Council  
  59  8:02  Nexus  
  59  8:07  Assimilator  
  59  8:12  Assimilator  
  57  9:19  Probe (Chrono Boost)  
  57  9:20  Stargate x2  
  58  9:30  Probe (Chrono Boost)  
  59  9:40  Probe (Chrono Boost)  
  60  10:10  Fleet Beacon  
  60  10:11  Probe (Chrono Boost)  
  64  10:21  Probe (Chrono Boost)  
  65  10:32  Probe (Chrono Boost)  
  64  10:43  Probe (Chrono Boost)  
  64  10:53  Probe (Chrono Boost)  
  65  10:57  Carrier x2  
  65  11:03  Stargate  
  65  11:04  Probe (Chrono Boost)  
  78  11:06  Stargate  
  78  11:14  Probe (Chrono Boost)  
  57  11:48  Carrier  
  57  11:50  Carrier  
  57  11:53  Graviton Catapult  
  69  11:57  Probe (Chrono Boost)  
  70  12:08  Probe (Chrono Boost)  
  71  12:18  Probe (Chrono Boost)  
  72  12:23  Carrier, Protoss Air Weapons Level 1  
  72  12:29  Probe (Chrono Boost)  
  79  12:31  Carrier  
  85  12:39  Probe (Chrono Boost)  
  80  13:53  Probe (Chrono Boost)  
  87  14:04  Probe (Chrono Boost)  
Show
View Real Time Build Order
Export as new Build Order

Igor Protoss - Winner!

Build Orders: Mass Adepts 

Get SALT Encoding   

  12  0:02  Probe (Chrono Boost)  
  13  0:12  Probe (Chrono Boost)  
  14  0:20  Pylon  
  14  0:27  Probe (Chrono Boost)  
  15  0:38  Probe (Chrono Boost)  
  15  0:41  Gateway  
  16  0:47  Assimilator  
  16  0:49  Probe (Chrono Boost)  
  17  1:02  Gateway  
  17  1:05  Probe (Chrono Boost)  
  18  1:21  Probe (Chrono Boost)  
  19  1:35  Cybernetics Core  
  19  1:37  Gateway  
  19  1:42  Gateway  
  19  1:47  Pylon  
  19  1:56  Assimilator  
  19  2:01  Pylon  
  19  2:04  Probe (Chrono Boost)  
  19  2:07  Warp Gate  
  20  2:14  Probe (Chrono Boost)  
  21  2:21  Sentry  
  23  2:25  Probe (Chrono Boost)  
  23  2:29  Adept  
  26  2:38  Adept  
  28  2:50  Adept  
  30  2:53  Adept  
  32  3:01  Pylon  
  32  3:05  Pylon  
  32  3:07  Probe (Chrono Boost)  
  32  3:08  Pylon  
  33  3:13  Adept  
  35  3:20  Adept  
  37  3:28  Sentry  
  37  3:31  Adept  
  41  3:54  Probe (Chrono Boost)  
  42  3:57  Pylon  
  42  4:06  Probe (Chrono Boost)  
  42  4:09  Robotics Facility  
  43  4:15  Adept x2  
  47  4:18  Adept  
  49  4:34  Pylon  
  49  4:43  Adept x2  
  53  4:53  Stalker x2  
  57  5:05  Sentry  
  57  5:06  Stalker  
  61  5:32  Stalker x2  
  61  5:33  Stalker  
  67  5:46  Probe (Chrono Boost)  
  69  5:58  Stalker x2, Probe (Chrono Boost)  
  73  6:10  Probe (Chrono Boost)  
  74  6:28  Stalker  
  74  6:29  Stalker  
  78  6:59  Nexus  
  78  7:02  Pylon  
  78  7:05  Pylon  
  78  7:25  Probe (Chrono Boost)  
  79  7:32  Gateway x2  
  79  7:35  Gateway  
  79  7:36  Gateway  
  80  7:37  Probe (Chrono Boost)  
  80  7:49  Probe (Chrono Boost)  
  81  8:02  Probe (Chrono Boost)  
  83  8:14  Probe (Chrono Boost)  
  83  8:24  Stalker x2  
  83  8:26  Assimilator, Probe (Chrono Boost)  
  88  8:27  Assimilator  
  88  8:34  Twilight Council  
  88  8:38  Probe (Chrono Boost)  
  89  8:46  Probe (Chrono Boost)  
  90  8:50  Probe (Chrono Boost)  
  91  8:57  Probe (Chrono Boost)  
  92  9:04  Nexus  
  92  9:08  Pylon, Probe (Chrono Boost)  
  94  9:10  Pylon, Probe (Chrono Boost)  
  94  9:12  Pylon  
  94  9:44  Observer  
  95  9:52  Robotics Bay  
  95  9:54  Probe (Chrono Boost)  
  95  9:55  Probe (Chrono Boost)  
  95  9:59  Stalker x5  
  107  10:00  Stalker  
  107  10:04  Probe (Chrono Boost)  
  107  10:06  Observer  
  112  10:07  Templar Archives, Probe (Chrono Boost)  
  112  10:14  Assimilator  
  112  10:15  Probe (Chrono Boost)  
  112  10:17  Assimilator  
  112  10:19  Probe (Chrono Boost)  
  114  10:25  Stalker x2  
  118  10:35  Stalker x2  
  118  10:36  Stalker  
  124  10:44  High Templar x2  
  124  10:45  High Templar  
  124  10:48  High Templar  
  132  10:51  Archon  
  132  10:52  Archon  
  132  11:19  Stalker  
  132  11:20  Stalker x5  
  132  11:21  Stalker x2  
  148  12:02  Nexus  
  148  12:06  Pylon  
  148  12:07  Pylon  
  148  12:10  Pylon  
  148  12:18  Gateway x2  
  148  12:20  Stalker x2, Gateway  
  148  12:21  Stalker  
  148  12:22  Gateway  
  148  12:24  Gateway  
  144  12:31  Pylon  
  144  12:33  Pylon  
  144  12:34  Pylon  
  144  12:35  High Templar x5  
  144  12:36  Pylon  
  154  12:38  Pylon  
  154  12:40  Pylon  
  130  12:58  Archon x2  
  130  13:02  High Templar x3  
  126  13:11  Archon  
  112  13:32  Archon  
  110  13:34  Stalker x3  
  110  13:35  Stalker x4  
  110  13:36  Stalker  
  112  14:06  Stalker  
  112  14:07  Stalker x5  
  112  14:08  Stalker x5  
  112  14:09  Stalker x2  
  138  14:16  Forge  
  132  14:19  Forge  
Show
View Real Time Build Order
Export as new Build Order

MrFun Zerg - Winner!

Build Orders: Pool First 

Get SALT Encoding   

  12  0:01  Drone  
  13  0:22  Spawning Pool, Drone  
  13  0:25  Drone  
  14  0:29  Overlord  
  14  0:33  Extractor  
  13  0:40  Drone  
  14  0:48  Drone  
  15  0:58  Drone  
  16  1:07  Drone  
  17  1:15  Queen  
  19  1:19  Drone  
  20  1:25  Hatchery  
  19  1:37  Drone, Roach Warren  
  19  1:39  Drone  
  20  1:49  Zergling x2  
  21  2:03  Drone  
  21  2:08  Spore Crawler  
  21  2:12  Spine Crawler  
  20  2:16  Overlord  
  20  2:23  Roach  
  22  2:34  Overlord  
  22  2:39  Lair  
  22  2:45  Roach  
  22  2:46  Roach, Evolution Chamber  
  22  2:49  Roach  
  27  2:58  Roach  
  27  2:59  Roach x3  
  36  3:05  Zergling x2  
  36  3:10  Roach  
  36  3:11  Drone  
  39  3:25  Drone x2  
  39  3:26  Extractor  
  40  3:29  Drone  
  40  3:33  Roach  
  43  3:46  Zerg Missile Weapons Level 1  
  43  3:53  Zergling x2  
  43  3:55  Overlord x2  
  44  4:08  Extractor  
  44  4:09  Zergling x2, Overlord  
  44  4:18  Roach x2  
  44  4:19  Roach  
  50  4:25  Zergling x2  
  50  4:26  Roach x2, Zergling x2  
  56  4:35  Roach x2  
  60  4:43  Roach  
  60  4:44  Roach  
  64  4:54  Hydralisk Den  
  64  4:57  Roach  
  64  4:59  Overlord  
  65  5:06  Roach  
  66  5:24  Roach x3  
  66  5:25  Roach  
  68  6:04  Zergling x4  
  68  6:05  Zergling x8  
  71  6:16  Hydralisk  
  71  6:17  Hydralisk  
  71  6:35  Roach  
  71  6:36  Roach  
  71  6:50  Roach  
  71  6:51  Roach  
  75  7:02  Overlord x2  
  75  7:03  Overlord x2  
  67  7:39  Roach x3  
  67  7:40  Roach x3  
  69  7:48  Roach  
  57  7:58  Roach  
  55  8:02  Drone  
  56  8:33  Roach x4  
  64  8:46  Roach x2  
  68  8:52  Hydralisk  
  70  8:56  Drone  
  71  9:07  Roach x2  
  75  9:20  Hydralisk  
  75  9:22  Drone  
  75  9:23  Drone  
  79  9:30  Drone  
  80  9:46  Hydralisk  
  82  9:59  Drone x3  
  85  10:23  Hydralisk x2  
  87  10:44  Hydralisk Den  
  77  11:14  Roach x6  
  89  11:26  Drone x2  
  89  11:42  Drone x2  
  87  11:51  Hydralisk x2  
  81  12:09  Hydralisk x3  
  81  12:10  Hydralisk  
  89  12:20  Hatchery, Hydralisk x2  
  92  12:41  Hydralisk x2  
  96  12:48  Overlord  
  96  12:56  Hydralisk  
  88  13:07  Drone  
  88  13:08  Roach x2  
  88  13:09  Roach  
  47  13:21  Extractor  
  40  13:34  Hydralisk  
  36  13:50  Drone x2  
  36  13:51  Drone x4  
  42  14:08  Drone x2  
Show
View Real Time Build Order
Export as new Build Order

Loken Protoss 

Build Orders: Oracle Opening 

Get SALT Encoding   

  12  0:01  Probe (Chrono Boost)  
  13  0:12  Probe (Chrono Boost)  
  14  0:15  Pylon  
  14  0:22  Probe (Chrono Boost)  
  14  0:24  Assimilator  
  15  0:33  Probe (Chrono Boost)  
  16  0:37  Gateway  
  16  0:44  Probe (Chrono Boost)  
  16  0:45  Assimilator  
  17  0:57  Probe (Chrono Boost)  
  18  1:08  Probe (Chrono Boost)  
  19  1:15  Pylon  
  19  1:18  Probe (Chrono Boost)  
  20  1:26  Cybernetics Core  
  20  1:36  Zealot  
  22  1:43  Probe (Chrono Boost)  
  23  1:50  Forge  
  24  1:54  Probe (Chrono Boost)  
  24  2:05  Probe (Chrono Boost)  
  25  2:08  Zealot  
  25  2:11  Warp Gate  
  25  2:12  Nexus  
  27  2:16  Probe (Chrono Boost)  
  28  2:24  Pylon  
  28  2:30  Probe (Chrono Boost)  
  29  2:37  Stargate  
  29  2:42  Stargate  
  29  2:46  Stargate  
  29  2:55  Assimilator  
  29  3:00  Assimilator  
  29  3:03  Photon Cannon  
  29  3:27  Probe (Chrono Boost)  
  30  3:34  Probe (Chrono Boost)  
  30  3:38  Probe (Chrono Boost)  
  32  3:45  Probe (Chrono Boost)  
  33  3:48  Probe (Chrono Boost)  
  33  3:52  Oracle x2  
  41  3:55  Probe (Chrono Boost)  
  41  3:59  Oracle, Probe (Chrono Boost)  
  45  4:06  Probe (Chrono Boost)  
  47  4:10  Probe (Chrono Boost)  
  47  4:16  Probe (Chrono Boost)  
  48  4:20  Probe (Chrono Boost)  
  49  4:28  Probe (Chrono Boost)  
  49  4:31  Oracle, Probe (Chrono Boost)  
  54  4:40  Pylon  
  54  4:45  Pylon  
  54  4:59  Probe (Chrono Boost)  
  62  5:00  Probe (Chrono Boost)  
  62  5:01  Pylon  
  62  5:09  Probe (Chrono Boost)  
  62  5:12  Probe (Chrono Boost)  
  62  5:13  Pylon  
  67  5:20  Probe (Chrono Boost)  
  51  5:30  Probe (Chrono Boost)  
  51  5:31  Cybernetics Core  
  51  5:33  Stargate  
  33  5:36  Fleet Beacon  
  33  5:41  Twilight Council, Probe (Chrono Boost)  
  33  5:46  Forge  
  33  5:47  Pylon  
  30  5:50  Pylon  
  30  6:04  Pylon  
  30  6:08  Photon Cannon  
  30  6:11  Photon Cannon  
  30  6:14  Photon Cannon  
  30  6:17  Photon Cannon  
  30  6:23  Photon Cannon  
  30  6:24  Photon Cannon  
  30  6:25  Photon Cannon  
  30  6:32  Photon Cannon x2  
  30  6:35  Photon Cannon  
  30  6:36  Photon Cannon  
  30  6:37  Carrier  
  30  6:39  Photon Cannon x2  
  30  6:41  Photon Cannon  
  30  6:42  Photon Cannon  
  30  6:51  Protoss Air Armor Level 1  
  36  7:01  Graviton Catapult  
  36  7:18  Stargate  
  36  7:22  Stargate  
  36  7:53  Carrier  
  36  7:58  Photon Cannon  
  36  7:59  Photon Cannon  
  36  8:00  Photon Cannon  
  36  8:01  Photon Cannon  
  36  8:03  Photon Cannon x2  
  36  8:04  Photon Cannon  
  36  8:05  Photon Cannon  
  42  8:06  Photon Cannon  
  42  8:08  Photon Cannon  
  42  8:09  Photon Cannon x2  
  42  8:11  Photon Cannon x2  
  42  8:12  Carrier x2, Photon Cannon  
  54  8:15  Photon Cannon  
  54  8:19  Photon Cannon x2  
  54  8:35  Pylon  
  54  8:36  Pylon  
  54  8:37  Protoss Air Weapons Level 1  
  54  8:49  Photon Cannon  
  51  9:04  Pylon  
  51  9:06  Protoss Shields Level 1  
  51  9:18  Carrier  
  57  9:37  Carrier  
  57  9:38  Carrier  
  69  10:07  Pylon  
  69  10:08  Pylon  
  69  10:13  Protoss Air Armor Level 2  
  57  11:44  Tempest x3  
  74  12:57  Tempest x3  
  92  14:09  Pylon  
Show
View Real Time Build Order
Export as new Build Order

dallaskuken Protoss 

Build Orders:  

Get SALT Encoding   

  12  0:02  Probe (Chrono Boost)  
  13  0:13  Pylon  
  13  0:23  Probe (Chrono Boost)  
  14  0:34  Probe (Chrono Boost)  
  15  0:44  Probe (Chrono Boost)  
  15  0:45  Forge  
  15  1:19  Probe (Chrono Boost)  
  15  1:24  Gateway  
  16  1:28  Assimilator  
  16  1:29  Probe (Chrono Boost)  
  17  1:40  Pylon, Probe (Chrono Boost)  
  18  1:51  Probe (Chrono Boost)  
  19  2:03  Nexus  
  19  2:05  Pylon  
  19  2:09  Photon Cannon  
  19  2:10  Probe (Chrono Boost)  
  20  2:19  Zealot  
  20  2:20  Probe (Chrono Boost)  
  23  2:31  Probe (Chrono Boost)  
  24  2:38  Cybernetics Core  
  24  2:42  Probe (Chrono Boost)  
  25  2:52  Probe (Chrono Boost)  
  26  3:04  Probe (Chrono Boost)  
  27  3:10  Photon Cannon, Assimilator  
  27  3:12  Photon Cannon  
  27  3:14  Probe (Chrono Boost)  
  27  3:15  Probe (Chrono Boost)  
  29  3:26  Probe (Chrono Boost)  
  30  3:30  Probe (Chrono Boost)  
  31  3:36  Probe (Chrono Boost)  
  32  3:44  Pylon  
  32  3:47  Probe (Chrono Boost)  
  33  3:54  Warp Gate  
  33  3:57  Probe (Chrono Boost)  
  33  4:00  Pylon  
  33  4:02  Gateway  
  34  4:07  Gateway  
  34  4:08  Probe (Chrono Boost)  
  35  4:14  Probe (Chrono Boost)  
  36  4:19  Probe (Chrono Boost)  
  37  4:24  Assimilator  
  37  4:26  Probe (Chrono Boost)  
  37  4:28  Assimilator  
  37  4:29  Probe (Chrono Boost)  
  40  4:38  Probe (Chrono Boost)  
  40  4:40  Probe (Chrono Boost)  
  40  4:43  Gateway  
  41  4:48  Pylon  
  41  4:49  Stalker, Pylon  
  41  4:50  Probe x2 (Chrono Boost)  
  45  5:01  Probe (Chrono Boost)  
  45  5:02  Probe (Chrono Boost)  
  48  5:15  Probe (Chrono Boost)  
  48  5:20  Stalker  
  50  5:24  Stalker  
  50  5:27  Probe (Chrono Boost)  
  53  6:05  Stalker  
  53  6:06  Stalker x2  
Show
View Real Time Build Order
Export as new Build Order

TimeTwist Terran 

Build Orders:  

Get SALT Encoding   

  12  0:01  SCV  
  13  0:13  SCV  
  14  0:19  Supply Depot  
  14  0:25  SCV  
  15  0:42  SCV  
  16  0:48  Barracks  
  16  0:50  Refinery  
  16  0:54  SCV  
  17  1:06  SCV  
  17  1:10  Barracks  
  18  1:15  Supply Depot  
  18  1:18  SCV  
  19  1:30  SCV  
  20  1:38  Marine  
  21  1:43  Orbital Command  
  21  1:56  Marine  
  21  1:57  Marine  
  23  2:18  SCV, Command Center  
  25  2:24  Barracks Tech Lab  
  25  2:25  Marine  
  25  2:30  SCV  
  25  2:34  Supply Depot  
  26  2:42  SCV  
  26  2:43  Marine  
  28  2:46  Combat Shields  
  28  2:47  Marine  
  29  2:54  SCV  
  30  2:59  Refinery  
  30  3:04  Factory  
  30  3:05  Marine  
  31  3:07  Marine  
  31  3:11  SCV  
  33  3:23  SCV  
  33  3:24  Engineering Bay  
  33  3:26  Marine  
  35  3:29  Marauder  
  37  3:34  Orbital Command  
  37  3:38  SCV  
  38  3:50  SCV  
  38  3:52  Starport, Factory Reactor  
  39  3:58  Marauder, Marine  
  42  4:03  Supply Depot  
  42  4:07  Missile Turret  
  42  4:08  SCV  
  43  4:25  Marauder, Marine  
  43  4:29  Orbital Command  
  46  4:31  Barracks  
  46  4:32  Barracks  
  46  4:39  Medivac  
  48  4:46  Factory Tech Lab  
  48  4:47  SCV  
  48  4:48  Marauder  
  48  4:49  Marine  
  52  4:59  SCV  
  53  5:00  Medivac  
  55  5:11  SCV  
  55  5:13  Missile Turret  
  56  5:15  Bunker  
  56  5:19  Refinery  
  56  5:22  SCV  
  56  5:23  Refinery  
  57  5:31  Marauder  
  57  5:33  Barracks Tech Lab  
  57  5:34  SCV  
  57  5:35  Marine x2  
  62  5:54  Supply Depot  
  62  5:58  Supply Depot  
  62  6:03  Marauder  
Tags
 
Add a new tag
Caveats
  • Supply blocks, unpowered buildings, or Contaminate may cause inaccurate times.
  • Supply counts are checked every 10 seconds.